 Dungeon Crawl Stone Soup version 0.24-a0-536-gdd4cf15266 (console) character file.

Game seed: 15498856889708252774

156 Apatiregn the Bolt Thrower (level 5, -1/32 HPs)
             Began as a Kobold Hunter on Aug 11, 2019.
             Was an Initiate of Makhleb.
             Slain by a kobold
             ... wielding a +0 club
              (2 damage)
             ... on level 3 of the Dungeon.
             The game lasted 00:13:39 (2288 turns).

Apatiregn the Bolt Thrower (Kobold Hunter)          Turns: 2288, Time: 00:13:40

Health: -1/32      AC:  3    Str:  9    XL:     5   Next: 64%
Magic:  5/5        EV: 16    Int: 13    God:    Makhleb [......]
Gold:   115        SH:  0    Dex: 18    Spells: 4/4 levels left

rFire    . . .     SeeInvis .   b - +0 short sword
rCold    . . .     Gourm    .   (shield restricted)
rNeg     . . .     Faith    .   c - +0 leather armour
rPois    .         Spirit   .   (no helmet)
rElec    .         Reflect  .   (no cloak)
rCorr    .         Harm     .   (no gloves)
MR       .....                  (no boots)
Stlth    ++........             (no amulet)
HPRegen  0.10/turn              e - +2 ring of dexterity
MPRegen  0.09/turn              (no ring)

@: flying
A: small, carnivore
a: Renounce Religion


You were on level 3 of the Dungeon.
You worshipped Makhleb.
Makhleb was noncommittal.
You were not hungry.

You visited 1 branch of the dungeon, and saw 3 of its levels.

You collected 115 gold pieces.

Inventory:

Hand Weapons
 a - a +1 hand crossbow
 b - a +0 short sword (weapon)
Missiles
 d - 6 bolts
Armour
 c - a +0 leather armour (worn)
Jewellery
 e - a +2 ring of dexterity (left hand)
 i - an uncursed ring of protection from magic {unknown}
Scrolls
 g - a scroll of remove curse {unknown}
 h - a scroll of noise {unknown}
 j - 2 scrolls of blinking {unknown}
 k - 2 scrolls of teleportation {unknown}
Comestibles
 f - 3 rations


   Skills:
 + Level 3.0 Fighting
 * Level 6.4 Crossbows
 + Level 3.4 Dodging
 + Level 3.1 Stealth


You had 4 spell levels left.
You didn't know any spells.
Your spell library was empty.

Dungeon Overview and Level Annotations

Branches:
Dungeon (3/15)

Altars:
Ashenzari
Elyvilon
Makhleb


Innate Abilities, Weirdness & Mutations

You are small and have problems with some larger weapons.
You are carnivorous and can eat meat at any time.


Message History

The goblin unwields a +0 hunting sling.
The goblin wields a +0 club.
The goblin completely misses you. The kobold closely misses you.
The ooze barely misses you. The ooze misses you. The kobold closely misses you.
The goblin completely misses you. The ooze barely misses you.
The kobold closely misses you. The goblin closely misses you.
The ooze closely misses you. The kobold misses you.
The goblin barely misses you. The ooze misses you.
The kobold closely misses you. The goblin barely misses you.
The ooze misses you. The kobold closely misses you. The goblin misses you.
The ooze closely misses you.
You are too injured to fight recklessly!
You are too injured to fight recklessly!
The kobold barely misses you. The goblin misses you. The ooze misses you.
The kobold closely misses you. The goblin misses you. The ooze hits you.
* * * LOW HITPOINT WARNING * * *
The kobold completely misses you. The goblin hits you with a +0 club.
* * * LOW HITPOINT WARNING * * *
The ooze misses you. The kobold barely misses you. The goblin misses you.
The ooze closely misses you. The ooze closely misses you.
The kobold barely misses you. The goblin hits you but does no damage.
The ooze closely misses you. The kobold hits you with a +0 club.
You die...

.#. #.# .... #.# #..#
# #.# #..# .###. #.#
#..# .....##.# #..#
........#####..#
.....?g=.(.....#
......J@(......#######
......K.######).......
........# #.#######
.......## #.# .......
#.# ....... #.#
.>..... #.# ##.####
#.# #.# #.# #.#


You could see an ooze, a goblin and a kobold.

Vanquished Creatures
  A crimson imp (D:2)
  Crazy Yiuf (D:2)
  Jessica (D:2)
  2 adders
  An adder skeleton (D:3)
  2 worms (D:2)
  A dart slug (D:2)
  5 bats
  4 goblins
  7 hobgoblins
  6 jackals (D:2)
  A ball python (D:2)
  4 frilled lizards
  2 kobolds
  5 rats
  2 fungi (D:2)
45 creatures vanquished.

Notes
Turn   | Place    | Note
-------+----------+-------------------------------------------
     0 | D:1      | Apatiregn the Kobold Hunter began the quest for the Orb.
     0 | D:1      | Reached XP level 1. HP: 12/12 MP: 1/1
    57 | D:1      | Reached skill level 5 in Crossbows
   291 | D:1      | Reached XP level 2. HP: 17/17 MP: 2/2
   750 | D:2      | Found a faded altar of an unknown god.
   877 | D:2      | Found a shattered altar of Ashenzari.
   879 | D:2      | Reached XP level 3. HP: 21/21 MP: 3/3
   970 | D:2      | Reached skill level 6 in Crossbows
   970 | D:2      | Reached XP level 4. HP: 27/27 MP: 4/4
  1158 | D:2      | Found a burning altar of Makhleb.
  1160 | D:2      | Noticed Jessica
  1165 | D:2      | Killed Jessica
  1165 | D:2      | Reached XP level 5. HP: 32/32 MP: 5/5
  1263 | D:2      | Became a worshipper of Makhleb the Destroyer
  1534 | D:2      | Found a runed translucent door.
  1535 | D:2      | Noticed Crazy Yiuf
  1607 | D:2      | HP: 1/32 [Crazy Yiuf/+2 quarterstaff of chaos (7)]
  1608 | D:2      | Killed Crazy Yiuf
  2154 | D:3      | Found a white marble altar of Elyvilon.
  2285 | D:3      | HP: 1/32 [goblin/+0 club (1)]
  2288 | D:3      | Slain by a kobold

Levels and vault maps discovered:
D:1:      tarquinn_simple_flora_water_d, layout_basic,
          hangedman_decor_diamond_cutter
D:2:      layout_rooms, lemuel_crystal_altar, bloody_makhleb,
          chequers_ecumenical_altar_simple_redux, first_ration,
          uniq_crazy_yiuf_cottage, uniq_jessica
D:3:      layout_loops_ring, elyvilon_altar_5, lemuel_crystal_altar,
          lemuel_doored_altar

Skill      XL: |  1  2  3  4  5 |
---------------+----------------+-----
Crossbows      | 5 6 |  6.4
Dodging        | 3 |  3.4
Stealth        | 2 3 |  3.1
Fighting       | 3 |  3.0

Action                   |  1- 3 |  4- 6 || total
-------------------------+-------+-------++-------
Melee: Short sword       |       |    67 ||    67
 Fire: Hand crossbow     |    52 |    47 ||    99
  Use: Potion            |       |     3 ||     3
 Stab: Sleeping          |       |     2 ||     2
  Eat: Ration            |       |     2 ||     2
Armor: Leather armour    |     2 |     8 ||    10
Dodge: Dodged            |     5 |    65 ||    70

Table legend:
 A = Non-vault XP
 B = Vault XP
 C = Vault XP percentage of total XP
 D = Non-vault monster count
 E = Vault monster count
 F = Vault count percentage of total count
                 A         B        C        D         E       F
            +---------+---------+-------+---------+---------+-------
      Total |     149 |      74 |  33.2 |      41 |       2 |   4.7
            +---------+---------+-------+---------+---------+-------
        D:1 |      15 |       0 |   0.0 |       9 |       0 |   0.0
        D:2 |     111 |      74 |  40.0 |      27 |       2 |   6.9
        D:3 |      23 |       0 |   0.0 |       5 |       0 |   0.0
            +---------+---------+-------+---------+---------+-------
